Map: Blackpink LE

Players

Elazer

  • Race: Zerg Zerg
  • Spawn Location: 7:00

Classic - Winner!

  • Race: Protoss Protoss
  • Spawn Location: 1:00

Event: IEM Season 12 - Katowice

VOD

Have the link to the VOD?

Description

Time

  • Played on: March 2, 2018, 12:20 p.m.
  • Length: 15:15

All games in this series

Show
View Real Time Build Order
Export as new Build Order

Elazer Zerg 

Build Orders: Hatch First, Swarm Host 

Get SALT Encoding   

  12  0:00  Drone  
  13  0:12  Overlord  
  13  0:18  Drone  
  14  0:30  Drone  
  14  0:31  Drone  
  16  0:47  Hatchery  
  15  0:51  Drone  
  15  0:54  Drone  
  17  0:58  Drone  
  18  1:08  Extractor  
  17  1:13  Spawning Pool  
  17  1:16  Drone  
  17  1:20  Drone  
  18  1:28  Drone  
  19  1:39  Drone  
  20  1:51  Overlord  
  20  2:00  Queen x2, Zergling x2  
  20  2:01  Zergling x2  
  26  2:09  Metabolic Boost  
  26  2:11  Drone  
  26  2:12  Drone  
  28  2:22  Drone x2  
  30  2:31  Drone  
  30  2:32  Drone  
  32  2:39  Hatchery  
  31  2:45  Queen  
  31  2:50  Overlord  
  33  2:53  Drone  
  33  2:56  Drone  
  35  3:02  Drone  
  36  3:09  Drone x3  
  36  3:10  Drone  
  36  3:11  Drone  
  41  3:16  Overlord  
  41  3:19  Drone  
  42  3:23  Queen  
  44  3:30  Spore Crawler  
  44  3:31  Drone  
  44  3:36  Drone x2  
  44  3:41  Drone x2, Spore Crawler  
  48  3:42  Drone  
  48  3:51  Overlord  
  48  3:52  Drone  
  49  3:58  Drone x3  
  49  3:59  Drone  
  53  4:04  Queen  
  53  4:07  Lair  
  53  4:08  Drone  
  53  4:09  Drone x2  
  58  4:19  Drone x2, Roach Warren  
  58  4:20  Extractor  
  58  4:21  Overlord  
  58  4:22  Extractor  
  58  4:23  Drone, Spore Crawler  
  57  4:24  Drone  
  57  4:28  Overlord  
  58  4:34  Spore Crawler  
  58  4:35  Drone, Overlord  
  58  4:36  Drone  
  58  4:38  Drone  
  58  4:42  Drone  
  58  4:44  Overlord  
  59  4:48  Drone x2  
  59  4:50  Drone x2  
  63  4:57  Drone x2, Overlord  
  63  4:59  Drone  
  66  5:01  Overlord  
  66  5:04  Roach  
  66  5:05  Roach x2  
  66  5:06  Glial Reconstitution  
  72  5:09  Roach  
  72  5:11  Roach  
  76  5:17  Roach x3  
  82  5:23  Overlord  
  82  5:24  Roach x3  
  89  5:28  Roach  
  89  5:29  Roach  
  89  5:30  Roach  
  93  5:37  Overlord  
  93  5:38  Roach x3  
  93  5:41  Drone x2  
  102  5:42  Drone  
  102  5:45  Extractor  
  102  5:47  Drone  
  102  5:49  Evolution Chamber  
  101  5:50  Drone x4  
  105  6:05  Roach x5  
  105  6:09  Overlord  
  105  6:10  Extractor  
  112  6:17  Zerg Missile Weapons Level 1  
  110  6:19  Drone x6  
  110  6:25  Drone x2  
  118  6:28  Hatchery  
  118  6:29  Overlord  
  118  6:31  Drone x2  
  117  6:34  Drone x2  
  117  6:35  Extractor  
  117  6:36  Infestation Pit  
  117  6:37  Overlord  
  113  6:42  Overlord  
  113  6:45  Roach x3  
  119  6:48  Overlord  
  119  6:49  Roach x2  
  119  6:53  Overlord  
  123  6:57  Overlord  
  123  6:58  Roach x3  
  129  7:02  Overlord  
  127  7:19  Swarm Host x7  
  148  7:28  Swarm Host x2  
  154  7:31  Overlord x2  
  154  7:36  Swarm Host  
  157  7:39  Overlord, Swarm Host  
  157  7:41  Swarm Host  
  163  7:46  Swarm Host  
  163  7:50  Roach x2  
  170  7:54  Roach x2  
  170  7:55  Roach  
  170  7:57  Roach  
  178  7:59  Roach  
  178  8:00  Roach  
  178  8:04  Roach x2  
  178  8:05  Roach  
  187  8:11  Roach x4  
  195  8:19  Ravager  
  196  8:20  Ravager  
  191  8:36  Roach x4  
  191  8:54  Roach x13  
  197  9:00  Roach x6  
  191  9:06  Roach  
  191  9:07  Roach x3  
  185  9:13  Roach x4  
  185  9:14  Ravager  
  188  9:23  Roach x6  
  178  9:44  Swarm Host  
  178  9:45  Swarm Host x4  
  165  9:50  Roach x3  
  167  9:53  Roach  
  167  9:54  Roach  
  167  10:03  Roach x6  
  179  10:11  Zerg Missile Weapons Level 2  
  179  10:13  Hatchery  
  178  10:16  Roach x3  
  184  10:24  Roach x2  
  184  10:25  Roach x3  
  194  10:35  Roach x6  
  168  10:52  Roach  
  168  10:53  Roach x10  
  178  11:08  Roach x8  
  190  11:25  Swarm Host x4  
  187  11:34  Roach  
  187  11:35  Roach x4  
  189  11:48  Roach x3  
  189  11:49  Roach x4  
  187  12:06  Roach x12  
  183  12:16  Roach  
  183  12:17  Roach x6  
  191  12:25  Drone  
  191  12:28  Hydralisk Den  
  191  12:34  Roach  
  191  12:35  Roach x3  
  199  12:43  Overlord  
  199  12:44  Zerg Ground Armor Level 1  
  181  13:02  Hydralisk x6  
  185  13:06  Extractor  
  185  13:07  Hatchery  
  185  13:11  Muscular Augments  
  185  13:12  Roach x3  
  166  13:37  Roach x2  
  166  13:38  Roach x13  
  166  13:41  Roach x2  
  190  13:49  Roach x5  
  178  14:10  Roach x4  
  178  14:11  Roach x8  
  182  14:19  Roach x6  
  184  14:27  Roach  
  184  14:28  Roach x4  
  158  14:40  Roach x3  
  158  14:41  Roach x5  
  158  14:45  Roach x2  
  139  14:50  Roach  
  139  14:51  Roach x2  
Show
View Real Time Build Order
Export as new Build Order

Classic Protoss - Winner!

Build Orders: 1 Gate Expand, Oracle Opening, Phoenix Opening, Archon Immortal, Zealot Archon, Archon Drop 

Get SALT Encoding   

  12  0:01  Probe  
  13  0:13  Probe  
  14  0:19  Pylon  
  14  0:25  Probe  
  15  0:37  Probe (Chrono Boost), Gateway  
  16  0:47  Probe (Chrono Boost), Assimilator  
  17  0:52  Probe (Chrono Boost)  
  18  1:03  Probe  
  19  1:15  Probe  
  20  1:24  Nexus  
  20  1:28  Probe  
  21  1:37  Cybernetics Core  
  21  1:40  Probe  
  22  1:47  Assimilator  
  22  1:52  Pylon  
  23  1:54  Probe  
  23  2:10  Probe  
  23  2:13  Adept (Chrono Boost)  
  26  2:18  Stargate  
  26  2:22  Probe  
  27  2:26  Warp Gate  
  27  2:32  Adept  
  27  2:35  Probe (Chrono Boost)  
  27  2:36  Probe (Chrono Boost)  
  31  2:46  Probe (Chrono Boost)  
  31  2:47  Probe (Chrono Boost)  
  31  2:51  Probe x2 (Chrono Boost)  
  35  2:59  Adept, Oracle (Chrono Boost)  
  35  3:04  Probe x2  
  42  3:10  Pylon  
  42  3:16  Probe x2  
  42  3:18  Assimilator  
  44  3:21  Assimilator  
  44  3:28  Probe x2  
  44  3:29  Phoenix  
  48  3:35  Gateway  
  48  3:40  Probe (Chrono Boost)  
  50  3:46  Probe (Chrono Boost)  
  50  3:47  Robotics Facility  
  50  3:50  Probe (Chrono Boost)  
  50  3:54  Probe (Chrono Boost)  
  50  3:55  Probe (Chrono Boost)  
  52  4:00  Pylon  
  53  4:06  Twilight Council  
  53  4:09  Probe  
  54  4:17  Gateway  
  54  4:18  Probe  
  54  4:20  Gateway  
  55  4:24  Pylon  
  55  4:30  Probe  
  56  4:37  Warp Prism (Chrono Boost)  
  56  4:40  Zealot x2  
  56  4:43  Charge  
  62  4:46  Templar Archives  
  62  5:01  Pylon  
  62  5:03  Nexus  
  62  5:15  Probe x2  
  62  5:16  Forge  
  64  5:26  High Templar x4  
  72  5:28  Probe x2  
  72  5:30  Archon  
  72  5:31  Archon, Gateway  
  72  5:32  Observer  
  72  5:33  Gateway  
  72  5:35  Pylon  
  75  5:42  Pylon  
  75  5:43  Probe x2  
  75  5:49  Protoss Ground Weapons Level 1  
  77  5:50  Immortal (Chrono Boost)  
  81  6:01  Zealot x2  
  81  6:20  Immortal (Chrono Boost)  
  81  6:22  Probe x3  
  87  6:38  Gateway  
  87  6:42  Probe x3, Psionic Storm  
  87  6:43  Sentry, Assimilator  
  87  6:47  Pylon, Assimilator  
  92  6:49  Immortal (Chrono Boost), High Templar  
  92  6:50  High Templar  
  100  6:57  Pylon  
  100  7:00  Gateway  
  100  7:04  Probe x3  
  103  7:16  Probe  
  103  7:17  Probe x2  
  103  7:18  Immortal (Chrono Boost)  
  103  7:20  Gateway  
  110  7:24  Gateway  
  110  7:27  High Templar x2  
  114  7:32  Probe x2  
  114  7:33  Pylon  
  114  7:35  Pylon  
  116  7:37  Protoss Ground Weapons Level 2 (Chrono Boost)  
  116  7:47  Zealot x2, Immortal (Chrono Boost)  
  124  7:53  Pylon  
  124  7:54  Pylon  
  124  7:59  Photon Cannon  
  124  8:11  Pylon  
  124  8:14  Immortal (Chrono Boost)  
  128  8:20  High Templar x2  
  128  8:21  Zealot x6  
  128  8:24  Archon  
  144  8:28  High Templar x2  
  144  8:31  Pylon  
  144  8:33  Archon  
  146  8:35  Pylon  
  146  8:36  Archon  
  146  8:39  Pylon  
  132  8:42  Zealot x6  
  132  8:45  Archon  
  132  8:56  Immortal (Chrono Boost)  
  132  9:07  High Templar x3  
  132  9:09  Zealot x7  
  142  9:12  Zealot x5, High Templar  
  142  9:13  Zealot, Archon  
  142  9:18  Archon  
  138  9:31  Immortal (Chrono Boost)  
  140  9:37  Zealot x6  
  140  9:43  Zealot x3  
  130  9:52  Nexus  
  118  10:01  Sentry, High Templar x4  
  118  10:02  Zealot x2  
  118  10:05  Archon x2  
  118  10:06  Zealot  
  134  10:19  Immortal  
  138  10:29  High Templar x2  
  138  10:30  Zealot x4  
  150  10:37  Probe x2  
  150  10:42  Zealot x4  
  148  10:54  Pylon  
  148  10:56  High Templar x2  
  148  11:00  Zealot x2  
  151  11:07  Protoss Ground Weapons Level 3 (Chrono Boost)  
  150  11:13  Observer (Chrono Boost)  
  141  11:27  Zealot x8  
  149  11:42  Immortal  
  153  11:49  Sentry  
  153  11:50  Zealot x6  
  166  11:54  Zealot x3  
  153  12:21  High Templar  
  153  12:22  High Templar x5  
  162  12:27  Archon x2  
  163  12:32  Archon  
  163  12:34  Immortal (Chrono Boost)  
  163  12:44  High Templar x2  
  163  12:45  Zealot x2  
  158  13:03  High Templar  
  158  13:04  High Templar  
  153  13:08  Immortal  
  153  13:09  Archon  
  153  13:10  Zealot x6  
  167  13:25  Nexus  
  163  13:27  Pylon  
  150  13:53  Pylon  
  150  13:54  High Templar x4  
  150  13:55  High Templar x2  
  152  13:56  Zealot x4  
  152  13:57  Pylon  
  152  13:59  Archon x2  
  152  14:01  Immortal (Chrono Boost)  
  120  14:28  Zealot x5, Sentry  
  120  14:30  Zealot  
  120  14:45  Zealot  
  120  14:46  Zealot  
  114  14:57  Zealot x2  

Tags
 
Add a new tag
Caveats
  • Supply blocks, unpowered buildings, or Contaminate may cause inaccurate times.
  • Supply counts are checked every 10 seconds.